Map: Ever Dream LE

Players

ExpecT

  • Race: Terran Terran
  • Spawn Location: 1:00

Naxin - Winner!

  • Race: Terran Terran
  • Spawn Location: 7:00

Event: DreamHack SC2 Masters 2020 Fall

VOD

Have the link to the VOD?

Description

Time

  • Played on: Aug. 26, 2020, 10:13 a.m.
  • Length: 20:46

All games in this series

Show
View Real Time Build Order
Export as new Build Order

ExpecT Terran 

Build Orders:  

Get SALT Encoding   

  12  0:00  SCV  
  13  0:12  SCV  
  14  0:17  Supply Depot  
  14  0:24  SCV  
  15  0:28  Refinery  
  15  0:38  SCV  
  16  0:44  Barracks  
  16  0:50  SCV  
  16  0:54  Refinery  
  17  1:02  SCV  
  18  1:14  SCV  
  19  1:32  Orbital Command  
  19  1:33  Reaper  
  19  1:36  Factory  
  20  1:45  Supply Depot  
  20  1:58  SCV  
  21  2:05  Reaper  
  22  2:10  SCV  
  23  2:22  SCV, Hellion  
  26  2:31  Command Center  
  26  2:35  SCV  
  27  2:37  Reaper  
  27  2:43  Hellion  
  30  2:46  Supply Depot  
  30  2:54  SCV  
  31  3:05  Starport  
  31  3:08  Factory Tech Lab  
  31  3:10  SCV  
  32  3:15  Barracks Tech Lab  
  32  3:23  SCV  
  33  3:35  SCV  
  30  3:43  Cyclone  
  30  3:47  Orbital Command  
  30  3:48  SCV  
  34  3:50  Refinery  
  34  3:54  Raven  
  36  3:57  Barracks Reactor  
  36  4:00  SCV  
  36  4:12  SCV  
  36  4:14  SCV  
  36  4:17  Siege Tank  
  41  4:22  Command Center  
  41  4:24  SCV  
  41  4:26  SCV  
  43  4:34  Marine x2  
  43  4:36  SCV  
  46  4:39  Raven  
  46  4:42  SCV  
  46  4:44  Supply Depot  
  49  4:48  SCV  
  49  4:52  Marine x2  
  52  4:57  SCV  
  53  5:00  SCV, Supply Depot  
  53  5:06  Siege Tank  
  57  5:11  Marine x2, Barracks x2  
  57  5:13  SCV  
  57  5:14  SCV  
  61  5:21  Raven  
  61  5:23  Supply Depot  
  61  5:25  SCV  
  61  5:26  SCV  
  65  5:28  Marine  
  65  5:29  Marine  
  65  5:35  Orbital Command  
  67  5:38  SCV x2, Siege Tank  
  72  5:46  Refinery  
  72  5:48  Engineering Bay x2  
  72  5:50  Marine  
  72  5:51  Marine  
  72  5:52  SCV x2  
  75  6:05  Barracks Reactor  
  75  6:06  Barracks Reactor  
  75  6:08  SCV x2  
  77  6:14  SCV  
  77  6:18  Viking x2  
  80  6:19  Marine  
  80  6:20  SCV, Stimpack  
  80  6:21  SCV  
  80  6:24  Supply Depot  
  85  6:26  SCV, Supply Depot  
  86  6:34  SCV x2  
  86  6:37  Marine  
  89  6:46  Siege Tank  
  92  6:48  Viking x2  
  92  6:52  Marine  
  92  6:53  Marine x2  
  96  6:57  Marine x2  
  98  7:05  Supply Depot  
  98  7:10  Marine x2  
  98  7:11  Marine  
  98  7:15  Marine x2  
  100  7:18  Viking x2, Siege Tank  
  107  7:28  Marine x3  
  110  7:32  Marine  
  110  7:34  Marine  
  97  7:37  SCV  
  83  7:46  Marine x3  
  83  7:50  Marine, Siege Tank  
  77  7:52  Marine  
  64  8:02  SCV  
  64  8:03  SCV  
  64  8:04  Marine x3  
  64  8:05  Viking x2  
  52  8:08  Marine  
  52  8:10  Marine  
  48  8:21  SCV, Marine  
  48  8:22  SCV x2, Marine x2, Siege Tank  
  57  8:27  Combat Shield  
  57  8:40  Viking x2  
  60  8:44  Marine x2  
  60  8:47  SCV x2  
  62  8:53  Marine x3  
  62  8:54  SCV  
  62  8:58  Siege Tank  
  62  8:59  SCV  
  62  9:01  SCV  
  66  9:07  SCV  
  66  9:09  Marine x2  
  69  9:11  SCV, Marine x3  
  69  9:13  SCV  
  74  9:19  SCV  
  74  9:23  SCV, Viking x2  
  76  9:31  SCV x2  
  76  9:32  Marine x4  
  76  9:33  Marine  
  76  9:35  SCV  
  81  9:43  SCV  
  75  9:46  Orbital Command  
  75  9:53  Marine x2  
  75  9:54  Marine x3  
  75  9:57  Medivac x2  
  84  10:04  Barracks x2  
  83  10:11  Marine x4  
  87  10:15  Siege Tank  
  87  10:16  SCV x3  
  92  10:31  Marine x3  
  92  10:32  Marine x2  
  92  10:35  Medivac x2  
  101  10:49  Marine x5  
  104  10:52  Siege Tank  
  104  10:56  SCV  
  109  10:57  Supply Depot  
  109  10:58  SCV x2  
  88  11:07  Marine x3  
  88  11:09  Barracks Reactor x2, Marine x2  
  90  11:14  SCV x2, Sensor Tower  
  90  11:15  SCV, Refinery x2  
  93  11:24  Marine  
  93  11:25  Marine  
  95  11:26  SCV, Terran Infantry Weapons Level 1  
  95  11:27  SCV  
  95  11:28  Marine x3  
  100  11:38  Siege Tank  
  103  11:42  Marine x2  
  103  11:45  Marine  
  103  11:46  Marine x2  
  108  11:48  Missile Turret  
  108  11:50  Marine x2  
  108  11:51  Missile Turret  
  108  11:52  Missile Turret, Marine x2  
  111  11:55  SCV x3  
  111  12:00  Marine x2  
  115  12:01  Factory  
  115  12:03  Marine x2  
  115  12:05  Terran Infantry Armor Level 1  
  117  12:09  Marine x2  
  109  12:20  Marine x2  
  100  12:24  Marine  
  101  12:30  SCV  
  101  12:31  SCV x2  
  101  12:32  Marine  
  101  12:33  Marine x3  
  101  12:34  Missile Turret  
  101  12:36  Missile Turret  
  108  12:37  Siege Tank  
  101  12:47  SCV x3  
  101  12:50  Factory Tech Lab  
  104  12:56  Marine x2  
  104  12:58  Marine x3  
  109  13:05  Marine  
  109  13:06  Marine  
  109  13:08  Siege Tank  
  109  13:11  Armory  
  117  13:16  Marine x3  
  116  13:21  Marine x4  
  116  13:23  Medivac  
  116  13:24  Medivac  
  124  13:29  Supply Depot  
  124  13:30  Supply Depot  
  124  13:31  Siege Tank  
  127  13:34  Command Center  
  127  13:35  Marine  
  127  13:36  Marine x3  
  131  13:42  Marine x2  
  131  13:43  Marine  
  131  13:46  Missile Turret  
  133  13:50  Marine x2, Siege Tank  
  133  13:53  Marine x2  
  133  13:55  Marine x2  
  140  14:00  Marine  
  140  14:01  Medivac x2  
  147  14:07  Marine x2  
  147  14:08  Marine  
  149  14:15  Marine  
  149  14:18  Marine  
  149  14:19  Marine x3  
  149  14:21  Marine  
  149  14:23  Siege Tank  
  147  14:24  Marine x2, Siege Tank  
  147  14:26  Marine  
  141  14:33  Marine  
  141  14:35  Viking  
  141  14:36  Viking, Marine  
  141  14:37  Marine x2  
  149  14:42  Marine, Terran Infantry Weapons Level 2  
  149  14:50  Marine  
  149  14:51  Marine x2  
  149  14:52  Marine x2  
  151  14:56  Marine x2  
  138  15:11  Viking  
  136  15:15  Marine  
  134  15:35  Marine x2  
  134  15:36  Marine  
  133  15:49  Marine x3  
  128  15:58  Planetary Fortress  
  128  16:01  Marine x2  
  130  16:05  Marine x2  
  132  16:15  Marine x2  
  134  16:20  Marine x2  
  134  16:24  Marine  
  134  16:25  Marine x2  
  139  16:30  Marine  
  139  16:31  Marine  
  140  16:43  Terran Infantry Armor Level 2  
  140  16:45  Marine  
  140  16:46  Marine x4  
  144  16:51  Siege Tank  
  133  17:09  Marine x2  
  130  17:19  Marine x3  
  120  17:26  Siege Tank  
  120  17:29  Marine  
  118  17:37  Marine x3  
  118  17:40  Barracks  
  118  17:41  Barracks  
  121  17:47  Marine  
  120  17:54  Marine  
  120  17:55  Marine x2  
  117  18:05  Marine, Liberator x2  
  119  18:15  Marine  
  97  18:44  Marine x2  
  99  18:49  Orbital Command  
  96  19:00  Marine  
  96  19:02  Marine  
  87  19:03  Marine x2  
  87  19:12  Marine, Siege Tank  
  87  19:15  SCV  
  87  19:16  SCV x2  
  87  19:17  SCV  
  95  19:18  Marine  
  95  19:23  Medivac  
  98  19:25  Barracks Reactor x2  
  98  19:31  Marine x2  
  98  19:34  Marine x2  
  102  19:39  Marine  
  101  19:48  Sensor Tower  
  101  19:49  Marine  
  101  19:51  Marine  
  101  19:52  Marine  
  104  19:53  Siege Tank  
  107  20:01  Marine  
  107  20:02  Marine x3  
  107  20:06  Medivac  
  107  20:07  Medivac  
  111  20:15  Marine  
  111  20:16  Marine  
  111  20:19  Marine  
  111  20:20  Marine x3  
  103  20:26  Marine x2  
Show
View Real Time Build Order
Export as new Build Order

Naxin Terran - Winner!

Build Orders:  

Get SALT Encoding   

  12  0:00  SCV  
  13  0:12  SCV  
  14  0:17  Supply Depot  
  14  0:24  SCV  
  15  0:32  Refinery  
  15  0:38  SCV  
  16  0:44  Barracks  
  16  0:50  SCV  
  16  0:56  Refinery  
  17  1:03  SCV  
  18  1:15  SCV  
  19  1:31  Reaper, Orbital Command  
  20  1:36  Factory  
  20  1:41  Supply Depot  
  20  1:57  SCV  
  21  2:03  Reaper  
  22  2:09  SCV  
  23  2:20  Hellion  
  23  2:21  SCV  
  26  2:26  Command Center  
  26  2:33  SCV  
  26  2:34  Supply Depot  
  27  2:37  Barracks Reactor  
  27  2:41  Widow Mine  
  29  2:45  SCV  
  30  2:53  Starport  
  30  2:57  SCV  
  31  3:03  Factory Tech Lab  
  31  3:09  SCV  
  32  3:16  Marine x2  
  32  3:17  Refinery  
  34  3:21  SCV  
  34  3:23  Cyclone  
  38  3:31  Starport Tech Lab  
  38  3:33  SCV  
  39  3:35  Marine  
  39  3:38  Marine  
  40  3:45  Orbital Command  
  40  3:50  SCV, Raven  
  40  3:53  Marine  
  42  3:55  Marine  
  43  4:03  SCV  
  43  4:07  Siege Tank  
  47  4:10  Marine  
  47  4:12  SCV  
  47  4:13  Marine  
  47  4:15  Supply Depot  
  50  4:23  SCV  
  51  4:24  SCV  
  51  4:27  Refinery  
  52  4:39  Siege Tank  
  52  4:40  SCV  
  52  4:42  Supply Depot  
  52  4:43  Viking  
  52  4:44  Viking  
  60  4:47  SCV  
  60  4:50  Supply Depot  
  60  4:52  Marine  
  62  5:03  SCV x2  
  63  5:13  Viking  
  63  5:14  Viking, Siege Tank  
  67  5:15  SCV  
  67  5:18  Supply Depot  
  67  5:19  SCV  
  72  5:27  SCV  
  73  5:29  Marine  
  73  5:31  SCV  
  73  5:42  SCV  
  74  5:43  Liberator  
  74  5:44  Viking  
  74  5:47  Supply Depot  
  79  5:54  SCV  
  79  5:56  Marine, Siege Tank  
  83  5:58  SCV  
  84  6:07  SCV, Supply Depot  
  84  6:10  SCV  
  86  6:14  Viking  
  88  6:19  SCV, Stimpack  
  88  6:22  SCV  
  90  6:26  Viking, Marine  
  90  6:30  Supply Depot  
  90  6:31  SCV  
  90  6:32  Supply Depot  
  94  6:34  SCV  
  94  6:36  Siege Tank  
  98  6:43  Liberator  
  98  6:44  Marine  
  102  6:51  SCV x2  
  102  6:52  Supply Depot  
  104  6:56  Viking  
  106  7:03  SCV x2  
  105  7:08  Marine, Siege Tank  
  105  7:12  Command Center  
  109  7:24  SCV  
  109  7:25  Viking  
  109  7:26  Liberator  
  115  7:32  Engineering Bay  
  115  7:33  Engineering Bay  
  115  7:35  Barracks  
  115  7:36  Barracks  
  91  7:45  SCV  
  91  7:49  Marine  
  91  7:50  Siege Tank  
  78  8:05  SCV  
  78  8:07  Viking, Marine  
  78  8:09  Combat Shield  
  78  8:12  SCV, Barracks  
  77  8:13  Barracks  
  77  8:22  SCV, Siege Tank  
  77  8:23  Terran Infantry Weapons Level 1  
  77  8:24  Terran Infantry Armor Level 1  
  77  8:25  Marine  
  82  8:39  Viking  
  82  8:40  Viking, Barracks Reactor x2  
  83  8:43  Marine  
  84  8:54  Siege Tank  
  84  8:55  SCV x2  
  86  9:01  Barracks Reactor x2, Marine  
  86  9:02  Orbital Command  
  87  9:07  SCV x2, Armory  
  89  9:16  Marine x3  
  92  9:19  Marine x2  
  88  9:31  Command Center  
  88  9:34  Marine x2  
  78  9:46  SCV, Marine x3  
  78  9:47  Marine x4  
  78  9:48  Medivac, Siege Tank  
  78  9:49  Medivac  
  78  9:52  Marine x2  
  92  9:57  SCV  
  92  9:58  SCV  
  92  9:59  Refinery  
  94  10:01  Sensor Tower  
  94  10:04  Marine x3  
  97  10:07  Marine  
  97  10:08  Marine x3, Factory  
  97  10:10  Marine  
  97  10:11  Refinery  
  97  10:13  Factory  
  102  10:16  Marine  
  102  10:19  Terran Infantry Weapons Level 2  
  103  10:22  Marine x2  
  103  10:24  Marine  
  103  10:25  Marine x2  
  106  10:29  Marine x3  
  106  10:35  Medivac x2  
  113  10:36  Marine  
  113  10:39  Marine  
  113  10:41  Marine  
  113  10:42  Marine  
  114  10:43  Siege Tank  
  114  10:47  Marine  
  111  10:55  Marine x2  
  109  11:00  Marine x2  
  109  11:02  SCV  
  97  11:11  Medivac  
  99  11:19  Barracks Reactor  
  99  11:25  Factory Tech Lab  
  99  11:26  Siege Tank  
  102  11:36  Marine x2  
  102  11:37  Marine  
  102  11:38  Marine  
  102  11:39  SCV x2  
  108  11:42  SCV, Planetary Fortress  
  109  11:51  SCV  
  110  11:55  SCV x2, Siege Tank  
  110  11:58  Siege Tank  
  118  12:03  SCV, Marine  
  118  12:04  Marine x4  
  118  12:05  Siege Tank  
  120  12:23  Marine  
  120  12:24  Marine x4  
  120  12:25  Medivac x2, Marine x2  
  120  12:26  SCV x2  
  120  12:28  Marine x2  
  134  12:31  Marine  
  134  12:33  SCV x2  
  134  12:36  Supply Depot, Refinery  
  137  12:37  Supply Depot x2  
  137  12:41  Refinery, Marine x3  
  137  12:49  Marine x3  
  140  12:53  Marine x2  
  140  12:54  Marine  
  140  12:55  Viking x2  
  140  12:58  Siege Tank  
  150  13:02  Marine x2  
  150  13:03  Siege Tank  
  156  13:08  Terran Infantry Armor Level 2  
  155  13:19  Marine  
  156  13:20  Marine x4  
  156  13:22  Supply Depot, Terran Infantry Weapons Level 3  
  156  13:23  Marine x2  
  162  13:27  SCV  
  162  13:30  Marine  
  162  13:33  Refinery  
  164  13:35  Marine x2  
  164  13:36  Viking  
  164  13:39  SCV  
  169  13:44  Marine  
  169  13:45  Marine x3, Siege Tank  
  169  13:46  Siege Tank  
  179  13:50  Supply Depot  
  178  13:55  Marine  
  178  13:58  Marine  
  180  14:03  Marine  
  180  14:04  Marine  
  180  14:07  Marine, Siege Tank  
  180  14:09  Marine x2  
  176  14:12  Marine x2  
  176  14:13  Marine x2  
  176  14:15  Liberator  
  176  14:16  Liberator  
  175  14:24  Marine  
  158  14:25  Marine x2  
  158  14:30  Marine x3  
  153  14:37  SCV  
  148  14:40  Barracks x2  
  148  14:41  Starport  
  148  14:42  Starport  
  141  14:47  Marine x2  
  141  14:48  Marine  
  141  14:49  SCV  
  140  14:56  Marine  
  140  14:57  Marine  
  140  14:58  Marine x3  
  135  15:02  Marine, Siege Tank  
  134  15:07  Marine  
  134  15:09  SCV, Marine  
  137  15:21  SCV  
  138  15:26  Marine  
  139  15:34  Marine x5  
  139  15:35  Marine  
  138  15:45  Siege Tank  
  139  15:52  Marine x2  
  139  15:55  Barracks Reactor  
  139  15:56  Barracks Reactor  
  141  15:57  Supply Depot  
  141  16:00  Supply Depot  
  141  16:18  Medivac x2, Marine  
  141  16:19  SCV x2  
  141  16:21  Medivac x2  
  151  16:28  Marine  
  152  16:39  Marine x2  
  145  16:41  Siege Tank  
  148  16:48  Viking  
  143  16:57  Marine x3  
  143  16:58  Medivac  
  129  17:11  Marine x4  
  100  17:31  Siege Tank  
  100  17:32  Marine x2  
  100  17:35  Marine x2  
  104  17:49  Marine  
  104  17:50  Marine  
  105  17:53  Marine x2  
  103  17:58  Viking  
  103  17:59  Viking  
  103  18:03  Siege Tank  
  102  18:07  Marine x2  
  102  18:09  SCV  
  102  18:11  Marine  
  106  18:14  Factory Tech Lab  
  106  18:21  SCV  
  106  18:25  Marine  
  101  18:38  Marine  
  97  18:44  Marine x3  
  97  18:45  Liberator  
  103  18:53  Marine  
  102  18:55  Marine  
  94  19:05  Marine  
  94  19:09  Marine  
  94  19:12  SCV, Siege Tank x2  
  94  19:15  SCV  
  102  19:21  Liberator  
  106  19:24  SCV  
  106  19:42  Marine x2  
  106  19:44  Siege Tank  
  106  19:45  Siege Tank  
  114  19:50  Marine  
  114  19:51  Marine  
  116  20:06  Marine x2  
  118  20:09  Marine  
  118  20:12  Orbital Command, Marine  
  113  20:24  Marine x2  
  113  20:27  Marine  

Tags
 
Add a new tag
Caveats
  • Supply blocks, unpowered buildings, or Contaminate may cause inaccurate times.
  • Supply counts are checked every 10 seconds.